 Dungeon Crawl Stone Soup version 0.30-a0-476-g330ca2eb8e (webtiles) character file.

Game seed: 1922655812836074683

897 tilp the Covered (level 8, -6/67 HPs)
             Began as a Meteoran Fighter on Dec 21, 2022.
             Succumbed to a gnoll sergeant's poison
             ... on level 6 of the Dungeon.
             The game lasted 00:07:33 (1074 turns).

tilp the Covered (Meteoran Fighter)                 Turns: 1074, Time: 00:07:34

Health: -6/67      AC:  9    Str: 18    XL:     8   Next: 53%
Magic:  9/9        EV:  9    Int: 10    God:
Gold:   133        SH:  5    Dex: 15    Spells: 7/7 levels left

rFire   . . .      SeeInvis .    a - +1 long sword
rCold   . . .      Faith    .    c - +0 buckler
rNeg    . . .      Spirit   .    u - +0 chain mail
rPois   .          Reflect  .    (no helmet)
rElec   .          Harm     .    (no cloak)
rCorr   .          Rampage  .    (no gloves)
Will    +....                    (no boots)
Stlth   ..........               (no amulet)
HPRegen 0.31/turn                (no ring)
MPRegen 0.11/turn                (no ring)

@: mighty, lethally poisoned (-6 -> -33), glowing, studying Staves
A: sense surroundings 1, otherworldly, glowing, explore regen
a: no special abilities


You were on level 6 of the Dungeon.
You visited 1 branch of the dungeon, and saw 6 of its levels.

You collected 133 gold pieces.

Inventory:

Hand Weapons
 a - a +1 long sword (weapon)
Missiles
 f - 3 silver javelins
 h - 4 boomerangs
 i - 42 stones
 r - 16 poisoned darts (quivered)
Armour
 b - a +0 scale mail
 c - a +0 buckler (worn)
 u - a +0 chain mail (worn)
 v - a +0 plate armour
Scrolls
 g - a scroll of magic mapping
 j - 3 scrolls of identify
 q - 2 scrolls of fear
 x - a scroll of enchant armour {unknown}
 y - a scroll of immolation {unknown}
 z - a scroll of teleportation {unknown}
Potions
 e - a potion of lignification {unknown}
 k - a potion of flight {unknown}
 l - 2 potions of brilliance
 m - a potion of resistance {unknown}
 n - a potion of mutation {unknown}
 o - a potion of magic {unknown}
 p - a potion of heal wounds {unknown}
 s - a potion of degeneration {unknown}


   Skills:
 + Level 4.7 Fighting
 + Level 4.9 Long Blades
 + Level 2.5 Throwing
 + Level 5.0 Armour
 + Level 4.9 Dodging
 + Level 2.9 Stealth
 - Level 4.0 Shields
 + Level 2.6 Evocations


You had 7 spell levels left.
You didn't know any spells.
Your spell library was empty.

Dungeon Overview and Level Annotations

Branches:
Dungeon (6/15) Zot: 2449   Temple (0/1) D:6

Altars:
Elyvilon
Gozag
Makhleb
Qazlal
Sif Muna
Xom

Shops:
D:4 *

Portals:
Ossuary: D:6


Innate Abilities, Weirdness & Mutations

You passively map a small area around you.
You are easily found by Zot.
You glow in the dark.
You regain HP and MP as you explore.


Message History

A hobgoblin zombie comes into view.
An orc priest and a rat zombie come into view.
Found a staircase to the Ecumenical Temple and a sand-covered staircase.
You block the gnoll sergeant's attack.
You feel very mighty all of a sudden.
The gnoll sergeant hits you from afar with a +0 spear of venom.
You are poisoned.
Unknown command.
You feel sick.
A gnoll comes into view. It is wielding a +0 spear.
The gnoll sergeant closely misses you.
You closely miss the gnoll sergeant.
You feel very sick. The orc priest barely misses you.
The gnoll sergeant hits you with a +0 spear of venom.
You are more poisoned.
You barely miss the gnoll sergeant.
You feel very sick.
The orc priest hits you from afar with a +0 trident!
The gnoll sergeant hits you with a +0 spear of venom!
You are more poisoned.
You barely miss the gnoll sergeant.
You feel very sick.
The orc priest miscasts a cantrip.
The gnoll sergeant hits you but does no damage.
You are more poisoned.
The gnoll sergeant hits you with a +0 spear of venom.
You are lethally poisoned!
The gnoll hits you but does no damage. The orc priest barely misses you.
The gnoll sergeant blocks your attack.
* * * LOW HITPOINT WARNING * * *
You feel extremely sick.
The gnoll hits you from afar with a +0 spear!
* * * LOW HITPOINT WARNING * * *
The gnoll sergeant barely misses you.
The orc priest invokes the aid of Beogh against you.
Pain shoots through your body!
* * * LOW HITPOINT WARNING * * *
You hit the gnoll sergeant but do no damage.
You die...

,,,,,,,,..................).))...
,,,,,,,,..................#######
,,,,,,,,........###+#.#.### *,,
,,,,,,,,................# *,*
,,,,,,,,..........≈≈≈...# *,*
,,**,,*,.........≈≈≈§§..# *,*
,,,,,,,,.......gg≈≈_≈§..# *,*
,***,*,,...#####g≈≈.§≈.##******,*
,*,,,,,,...* #@≈≈.≈§..,,,,,,,,*
,*,,,,,,..,* #.§≈.≈≈.#*********
,,,,,,,,,,,* #o≈...≈.#*
>,,,,,,,,,,****#Z≈.8.≈..***
**,,,,,,,,,#....Z.......,,*
,,,,,,,,,,,#.>..........,,*
,*,,,,,,,,,#......#.....,,*
,*****,,,,,#......#.....,,* ,*
*,,,,,#......#.....,,*


You could see a gnoll sergeant, an orc priest, 2 gnolls, a rat zombie and a
hobgoblin zombie.

Vanquished Creatures
  Pikel (D:6)
  An ogre (D:4)
  A lemure (D:6)
  A necrophage (D:4)
  5 hounds
  A gnoll bouda (D:4)
  5 adders
  5 gnolls
  A worm (D:4)
  4 dart slugs
  2 orcs (D:3)
  6 endoplasms
  5 giant cockroaches
  A goblin (D:3)
  6 hobgoblins
  A quokka (D:4)
  3 ball pythons (D:3)
  2 bats (D:3)
  5 frilled lizards
  7 kobolds
  3 rats
66 creatures vanquished.

Notes
Turn   | Place    | Note
-------+----------+-------------------------------------------
     0 | D:1      | tilp the Meteoran Fighter began the quest for the Orb.
     0 | D:1      | Reached XP level 1. HP: 19/19 MP: 2/2
    43 | D:1      | Reached XP level 2. HP: 26/26 MP: 3/3
    86 | D:2      | Reached skill level 1 in Dodging
   135 | D:2      | Reached XP level 3. HP: 27/31 MP: 4/4
   262 | D:3      | Reached XP level 4. HP: 38/39 MP: 5/5
   319 | D:3      | Reached skill level 4 in Armour
   419 | D:3      | Reached skill level 1 in Stealth
   419 | D:3      | Reached XP level 5. HP: 42/46 MP: 6/6
   540 | D:4      | Reached XP level 6. HP: 29/52 MP: 7/7
   626 | D:4      | Noticed an ogre
   636 | D:4      | Killed an ogre
   637 | D:4      | Reached skill level 1 in Throwing
   637 | D:4      | Reached skill level 1 in Evocations
   637 | D:4      | Reached XP level 7. HP: 21/59 MP: 8/8
   680 | D:5      | Entered Level 5 of the Dungeon
   840 | D:5      | Noticed a water moccasin
   877 | D:4      | Found a hide-covered altar of Uskayaw.
   879 | D:4      | Found a burning altar of Makhleb.
   879 | D:4      | Found an opulent altar of Gozag.
   885 | D:4      | Found a shimmering blue altar of Sif Muna.
   885 | D:4      | Found a stormy altar of Qazlal.
   885 | D:4      | Found a shimmering altar of Xom.
   952 | D:4      | Found Furodutza's Fabulous Fripperies.
  1010 | D:6      | Noticed Pikel
  1011 | D:6      | Found a white marble altar of Elyvilon.
  1032 | D:6      | Killed Pikel
  1033 | D:6      | Reached skill level 5 in Armour
  1033 | D:6      | Reached XP level 8. HP: 36/67 MP: 9/9
  1065 | D:6      | Found a staircase to the Ecumenical Temple.
  1065 | D:6      | Found a sand-covered staircase.
  1073 | D:6      | HP: 2/67 [orc priest/nerve-wracking pain (13)]
  1074 | D:6      | Succumbed to a gnoll sergeant's poison

Illustrated notes

Levels and vault maps discovered:
D:1:      amcnicky_arrival_choice, layout_basic
D:2:      layout_rooms, basic_altar, glass_columns_a
D:3:      layout_basic, minmay_joined_circles
D:4:      layout_loops_cross, doesnt_xom_only_xom, grunt_decor_fettered,
          nicolae_alphabet_shops, nicolae_shop_fire_sale
          [nicolae_sub_dead_trees], minmay_manual_mail
D:5:      layout_loops_ring, minmay_tree_intersection, roderic_serpentine_path,
          hangedman_decor_lopped, uniq_edmund, uniq_blork_the_orc, uniq_grinder
D:6:      layout_basic, kennysheep_mini, mainiacjoe_overflow_catwalk,
          minmay_temple_entry_proselytizer, enter_ossuary_3,
          minmay_misc_feat_four_crosses, uniq_eustachio, uniq_pikel

Skill      XL: |  1  2  3  4  5  6  7 |
---------------+----------------------+-----
Dodging        | 1 2 3 4 |  4.9
Shields        | 4 |  4.0
Armour         | 4 5 |  5.0
Long Blades    | 3 4 |  4.9
Stealth        | 1 2 |  2.9
Fighting       | 4 |  4.7
Throwing       | 1 2 |  2.5
Evocations     | 1 2 |  2.6

Action                   |  1- 3 |  4- 6 |  7- 9 || total
-------------------------+-------+-------+-------++-------
Melee: Long sword        |    52 |   159 |    56 ||   267
Throw: Dart              |       |     4 |     4 ||     8
Evoke: Wand              |       |     2 |     2 ||     4
  Use: Scroll            |       |       |     4 ||     4
       Potion            |       |       |     1 ||     1
Armor: Scale mail        |    30 |    30 |       ||    60
       Chain mail        |       |    59 |    26 ||    85
Dodge: Dodged            |    13 |    43 |    21 ||    77
Block: Buckler           |    13 |    50 |    11 ||    74

Table legend: (Time is in decaauts)
 A = Elapsed time spent in this place.
 B = Non-inter-level travel time spent in this place.
 C = Inter-level travel time spent in this place.
 D = Time resting spent in this place.
 E = Time spent auto-exploring this place.
 F = Levels seen in this place.
 G = Mean time per level.
                   A        B        C        D        E       F      G
               +--------+--------+--------+--------+--------+-----+--------+
         Total |   1150 |   1044 |    106 |      0 |      0 |   6 |  191.7 |
       Dungeon |   1150 |   1044 |    106 |      0 |      0 |   6 |  191.7 |
               +--------+--------+--------+--------+--------+-----+--------+

Top non-repeatable levels by time:
     D:4: 463 daAuts
     D:3: 349 daAuts
     D:1: 122 daAuts
     D:2: 105 daAuts
     D:6: 96 daAuts
     D:5: 12 daAuts
